 Dungeon Crawl Stone Soup version 0.29.1-4-g47bece8355 (webtiles) character file.

Game seed: 3905010234513558718

114292 fishmans the Severer (level 16, -2/137 HPs)
             Began as a Minotaur Fighter on Dec 5, 2022.
             Was a High Priest of Fedhas.
             Killed from afar by a shock serpent (4 damage)
             ... with an electric aura
             ... on level 1 of the Snake Pit.
             The game lasted 04:00:01 (44031 turns).

fishmans the Severer (Minotaur Fighter)            Turns: 44031, Time: 04:00:02

Health: -2/137     AC: 24    Str: 33    XL:     16   Next: 16%
Magic:  19/23      EV: 12    Int:  5    God:    Fedhas [*****.]
Gold:   2775       SH:  0    Dex: 18    Spells: 13/15 levels left

rFire   . . .      SeeInvis .   f - +3 war axe (flame)
rCold   . . .      Faith    .   b - +0 tower shield
rNeg    . . .      Spirit   .   h - +0 plate armour
rPois   .          Reflect  .   Q - +1 hat
rElec   .          Harm     .   (no cloak)
rCorr   .          Rampage  .   H - +1 pair of gloves
Will    +....                   r - +2 pair of boots
Stlth   ..........              R - amulet of regeneration
HPRegen 1.12/turn               o - +6 ring of dexterity
MPRegen 0.18/turn               t - +6 ring of strength

@: confused
A: horns 2, retaliatory headbutt
a: Renounce Religion, Wall of Briars, Grow Ballistomycete, Overgrow, Grow Oklob


You were on level 1 of the Snake Pit.
You worshipped Fedhas.
Fedhas was extremely pleased with you.
You visited 4 branches of the dungeon, and saw 23 of its levels.

You collected 2775 gold pieces.

Inventory:

Hand Weapons
 a - a +0 war axe
 f - a +3 war axe of flaming (weapon)
 p - a +0 spear of flaming
 v - a +0 arbalest
 z - a +0 glaive
 G - a +3 battleaxe
 K - a +3 flail
Missiles
 g - 48 poisoned darts (quivered)
 B - 4 curare-tipped darts
 F - a throwing net
 T - 11 atropa-tipped darts
Armour
 b - a +0 tower shield (worn)
 c - a +0 buckler
 h - a +0 plate armour (worn)
 r - a +2 pair of boots (worn)
 x - a +0 chain mail
 H - a +1 pair of gloves (worn)
 P - the +2 pair of gloves "Zecso Zups" {rF++ Stlth-}
   (You found it on level 15 of the Dungeon)

   rF:        It greatly protects you from fire.
   Stlth:     It makes you less stealthy.
 Q - a +1 hat (worn)
Jewellery
 k - a ring of magical power
 l - an amulet of the acrobat
 o - a +6 ring of dexterity (left hand)
 t - a +6 ring of strength (right hand)
 y - a ring of fire
 J - a ring of wizardry
 R - an amulet of regeneration (around neck)
 V - a +4 ring of evasion
Wands
 m - a wand of acid (2)
 u - a wand of mindburst (31)
 I - a wand of roots (11)
 N - a wand of flame (18)
 S - a wand of polymorph (17)
 X - a wand of charming (11)
Scrolls
 e - 9 scrolls of identify
 n - 2 scrolls of amnesia
 C - 7 scrolls of teleportation
 E - 4 scrolls of fog
 M - 4 scrolls of magic mapping
 O - a scroll of summoning
 W - a scroll of enchant weapon
 Z - a scroll of fear
Potions
 d - a potion of lignification
 i - 3 potions of haste
 j - 5 potions of brilliance
 q - 5 potions of degeneration
 s - 7 potions of curing
 w - 2 potions of flight
 A - 2 potions of cancellation
 D - a potion of magic
 L - 2 potions of attraction
 U - 3 potions of mutation
 Y - 2 potions of invisibility


   Skills:
 + Level 11.0 Fighting
 - Level 17.9(18.2) Axes
 - Level 4.5(12.6) Maces & Flails
 + Level 15.2 Armour
 + Level 10.8 Dodging
 * Level 3.7 Stealth
 * Level 12.8 Shields
 + Level 6.8 Translocations
 - Level 11.2 Invocations


You had 13 spell levels left.
You knew the following spells:

 Your Spells              Type           Power      Damage    Failure   Level
a - Blink                 Tloc           12%        N/A       71%         2

Your spell library contained the following spells:

 Spells                   Type           Power      Damage    Failure   Level
 Gell's Gravitas          Tloc           6%         N/A       91%         3
 Lesser Beckoning         Tloc           6%         N/A       91%         3
 Teleport Other           Tloc           6%         N/A       91%         3
 Ensorcelled Hibernation  Hex/Ice        0%         N/A       100%        2
 Poisonous Vapours        Pois/Air       0%         N/A       100%        2
 Confusing Touch          Hex            0%         N/A       100%        3
 Spider Form              Tmut/Pois      0%         N/A       100%        3
 Anguish                  Hex/Necr       0%         N/A       100%        4
 Animate Armour           Summ/Erth      0%         N/A       100%        4
 Corpse Rot               Necr/Pois/Air  0%         N/A       100%        4
 Leda's Liquefaction      Hex/Erth       0%         N/A       100%        4
 Passage of Golubria      Tloc           6%         N/A       100%        4
 Blade Hands              Tmut           0%         N/A       100%        5
 Lee's Rapid Deconstruct  Erth           0%         3d5*      100%        5
 Manifold Assault         Tloc           6%         N/A       100%        5
 Silence                  Hex/Air        0%         N/A       100%        5
 Yara's Violent Unravell  Hex/Tmut       0%         3d3       100%        5
 Dispersal                Tloc           3%         N/A       100%        6
 Iron Shot                Conj/Erth      0%         9d1       100%        6
 Statue Form              Tmut/Erth      0%         N/A       100%        6
 Enfeeble                 Hex            0%         N/A       100%        7
 Lehudib's Crystal Spear  Conj/Erth      0%         10d2      100%        8


Dungeon Overview and Level Annotations

Branches:
Dungeon (15/15)            Temple (0/1) D:6            Lair (5/5) D:11
 Shoals (0/4) Lair:3        Snake (1/4) Lair:3        Slime (0/5) Lair:5
    Orc (2/2) D:9             Elf (0/3) Orc:2        Vaults (0/5) D:14
 Depths (0/4) D:15

Altars:
Ashenzari
Cheibriados
Dithmenos
Fedhas
Gozag
Hepliaklqana
Nemelex Xobeh
Okawaru
Qazlal
Ru
Vehumet
Xom
Yredelemnul

Shops:
D:4 (   D:8 :   Orc:2 [=::

Annotations:
D:5 2 transporters, mester's ghost, amateur DjFE
D:6 1 runed translucent door, Sambug2000's ghost, novice MiFi
Lair:5 2 transporters, kamileon1's ghost, journeyman FoFi


Innate Abilities, Weirdness & Mutations

You have a pair of horns on your head.
You reflexively headbutt those who attack you in melee.


Message History

Found a robe.
A shock serpent comes into view.
The shock serpent hisses angrily.
You miss the shock serpent. The shock serpent bites you!
The shock serpent shocks you! The shock serpent bites you.
The shock serpent shocks you!
You slash the shock serpent! You burn the shock serpent.
Your headbutt misses the shock serpent.
The shock serpent is lightly wounded.
The shock serpent's electric aura discharges, shocking you!
The shock serpent shoots out a bolt of lightning at you!
The bolt of electricity hits you!!
You closely miss the shock serpent.
The shock serpent is lightly wounded.
You block the shock serpent's attack.
The shock serpent shoots out a bolt of lightning at you!
The bolt of electricity hits you!!
* * * LOW HITPOINT WARNING * * *
Aiming: Grow Ballistomycete (1% risk of failure)
Press: ? - help, Dir - move target A ballistomycete grows from the ground.
The shock serpent bites you.
* * * LOW HITPOINT WARNING * * *
The shock serpent shocks you!
* * * LOW HITPOINT WARNING * * *
The shock serpent shoots out a bolt of lightning at you!
The bolt of electricity hits you.
* * * LOW HITPOINT WARNING * * *
A ballistomycete spore comes into view.
The shock serpent bites your ballistomycete spore!
Your ballistomycete spore explodes!
The shock serpent appears confused.
The explosion of spores engulfs the shock serpent!!
The shock serpent is heavily wounded.
Fedhas protects your plant from harm. The explosion of spores engulfs you!!
You are confused.
* * * LOW HITPOINT WARNING * * *
The shock serpent's electric aura discharges, shocking you!
You die...
Fedhas appreciates your contribution to the ecosystem.

#...## #....##
##<....#
##..##...#
##..## .#
##..## ##..##
##########..##
#......P.@.##
#....[##S..##
...## ##### .


You could see a shock serpent (confused, ally target) and a friendly
ballistomycete (summoned).

Vanquished Creatures
  Jorgrun (D:9)
  Gastronok (Lair:1)
  Kirke (D:13)
  An orc warlord (Orc:1)
  Nessos (Lair:5)
  2 fire dragons
  A great orb of eyes (D:14)
  3 boulder beetles
  An ice dragon (D:15)
  2 catoblepae
  A vault guard (D:14)
  7 hydras
  An anaconda (Lair:3)
  7 centaur warriors
  7 two-headed ogres
  A death knight (D:14)
  19 death yaks
  4 orc high priests (Orc:2)
  A tengu warrior (D:13)
  Urug (Orc:2)
  2 lindwurms (Lair:5)
  6 orc knights
  4 deep elf pyromancers
  3 orc sorcerers
  A manticore (Lair:5)
  3 slime creatures (D:12)
  3 cyclopes
  11 ugly things
  11 elephants
  Maurice (D:12)
  7 black mambas
  A guardian serpent (Lair:3)
  A gargoyle (D:13)
  7 torpor snails
  7 cane toads
  Maggie (D:11)
  A rime drake (Lair:5)
  Psyche (D:8)
  2 kobold demonologists (D:12)
  11 komodo dragons
  An efreet (D:15)
  A tengu conjurer (D:13)
  A meliai (D:14)
  3 tyrant leeches (Lair:5)
  17 trolls
  6 hornets (Lair:5)
  10 polar bears
  9 blink frogs
  A snapping turtle (Lair:3)
  4 raiju (Lair:5)
  Sigmund (D:3)
  7 wyverns
  A water elemental (D:12)
  A centaur simulacrum (D:14)
  A vampire (D:9)
  2 shadows
  89 yaks
  2 wraiths
  6 basilisks
  A hog (D:13)
  3 steam dragons
  4 vampire mosquitoes (D:13)
  5 wargs
  A naga (Lair:3)
  11 water moccasins
  12 hell hounds (Lair:5)
  An ice beast (D:8)
  15 black bears
  42 orc warriors
  2 sky beasts
  10 ogres
  14 wolves
  9 centaurs
  A phantom (D:7)
  5 kobold brigands
  15 bullfrogs
  3 necrophages
  3 scorpions
  A gnoll sergeant (D:11)
  3 wights
  A killer bee (D:9)
  3 howler monkeys (D:14)
  17 electric eels
  10 hounds
  3 jellies
  34 orc priests
  2 gnoll boudas
  Natasha (thrice) (D:4)
  17 iguanas
  20 orc wizards
  A mummy (D:7)
  Robin (D:2)
  11 gnolls
  9 adders
  A white imp (D:5)
  3 worms
  2 dart slugs
  81 orcs
  5 ball pythons
  4 bats
  7 endoplasms
  2 giant cockroaches (D:1)
  16 goblins
  9 hobgoblins
  5 jackals
  6 quokkas
  10 frilled lizards
  A goblin zombie (D:7)
  A hobgoblin zombie (D:7)
  27 kobolds
  A rat (D:1)
  2 ballistomycete spores
  A butterfly (Lair:4)
787 creatures vanquished.

Vanquished Creatures (collateral kills)
  An orc warlord (Orc:2)
  3 orc sorcerers (Orc:2)
  An ugly thing (D:15)
  A troll (Orc:2)
  A hornet (Lair:5)
  A yak (Lair:1)
  A hell hound (Lair:5)
  2 orc warriors (Orc:2)
  2 orc priests (Orc:2)
  An orc wizard (Orc:2)
  9 orcs (Orc:2)
  68 ballistomycete spores
91 creatures vanquished.

Vanquished Creatures (others)
  A human (D:13)
  A warg (Orc:2)
  8 ballistomycete spores
  A bush (Lair:4)
  36 fungi
  177 plants
224 creatures vanquished.

Grand Total: 1102 creatures vanquished

Notes
Turn   | Place    | Note
-------+----------+-------------------------------------------
     0 | D:1      | fishmans the Minotaur Fighter began the quest for the Orb.
     0 | D:1      | Reached XP level 1. HP: 19/19 MP: 0/0
   345 | D:1      | Reached skill level 3 in Axes
   378 | D:1      | Reached XP level 2. HP: 26/26 MP: 1/1
   760 | D:1      | Reached skill level 4 in Axes
   771 | D:1      | Found a faded altar of an unknown god.
  1160 | D:1      | Reached XP level 3. HP: 31/31 MP: 2/2
  1533 | D:2      | Noticed Robin
  1548 | D:2      | Killed Robin
  1572 | D:2      | Reached skill level 5 in Axes
  2310 | D:3      | Reached XP level 4. HP: 28/39 MP: 3/3
  2714 | D:3      | Noticed Sigmund
  2740 | D:3      | Noticed a black bear
  2933 | D:3      | Killed Sigmund
  2934 | D:3      | Reached skill level 7 in Axes
  2934 | D:3      | Reached XP level 5. HP: 32/45 MP: 4/4
  3060 | D:3      | Found an opulent altar of Gozag.
  3064 | D:3      | Found an iron altar of Okawaru.
  3069 | D:3      | Found a snail-covered altar of Cheibriados.
  3071 | D:3      | Found a sparkling altar of Nemelex Xobeh.
  3077 | D:3      | Found a blossoming altar of Fedhas.
  3088 | D:3      | Became a worshipper of Fedhas Madash
  3192 | D:3      | Found a broken altar of Ashenzari.
  3318 | D:3      | Reached XP level 6. HP: 51/51 MP: 5/5
  3585 | D:3      | Reached skill level 8 in Axes
  3837 | D:3      | Found a hazy altar of Hepliaklqana.
  4215 | D:4      | Noticed Natasha
  4241 | D:4      | Killed Natasha
  4833 | D:4      | Noticed Natasha
  4839 | D:4      | Killed Natasha
  4840 | D:4      | Reached skill level 9 in Axes
  4863 | D:4      | Noticed Natasha
  4885 | D:4      | Killed Natasha
  4928 | D:4      | Reached XP level 7. HP: 57/57 MP: 6/6
  4953 | D:4      | Reached * piety under Fedhas
  5181 | D:4      | Reached skill level 10 in Axes
  5307 | D:4      | Found Zorimp's Antique Weapon Emporium.
  5581 | D:4      | Found a stormy altar of Qazlal.
  5683 | D:5      | Entered Level 5 of the Dungeon
  6224 | D:5      | Reached skill level 11 in Axes
  6400 | D:5      | Reached XP level 8. HP: 64/64 MP: 7/7
  6402 | D:5      | Found a transporter.
  6403 | D:5      | Found a transporter.
  7397 | D:5      | Identified the +0 buckler "Lidghetu" {rN++}
  7502 | D:6      | Found a staircase to the Ecumenical Temple.
  8023 | D:6      | Reached skill level 5 in Fighting
  8023 | D:6      | Reached skill level 12 in Axes
  8040 | D:6      | Reached XP level 9. HP: 36/79 MP: 8/8
  8283 | D:6      | Reached skill level 13 in Axes
  8711 | D:6      | Found a shimmering altar of Xom.
  8742 | D:6      | Found a radiant altar of Vehumet.
  8796 | D:6      | Found a runed translucent door.
  8798 | D:6      | Noticed Sambug2000's ghost (novice MiFi)
  9099 | D:6      | Reached ** piety under Fedhas
  9353 | D:7      | Reached skill level 1 in Maces & Flails
 10275 | D:7      | Found a sacrificial altar of Ru.
 10278 | D:7      | Found a basalt altar of Yredelemnul.
 10278 | D:7      | Found a shadowy altar of Dithmenos.
 10325 | D:7      | Reached skill level 1 in Invocations
 11870 | D:8      | Reached *** piety under Fedhas
 11952 | D:8      | Reached XP level 10. HP: 90/91 MP: 11/11
 11984 | D:8      | Reached skill level 14 in Axes
 12155 | D:8      | Noticed a two-headed ogre
 12172 | D:8      | Killed a two-headed ogre
 12173 | D:8      | Reached skill level 5 in Invocations
 12825 | D:8      | Noticed Psyche
 12833 | D:8      | Killed Psyche
 13040 | D:8      | Found Mugao's Vocational Training.
 14130 | D:9      | Reached skill level 15 in Axes
 14488 | D:9      | Noticed a deep elf pyromancer
 14506 | D:9      | Killed a deep elf pyromancer
 14507 | D:9      | Reached XP level 11. HP: 39/97 MP: 15/15
 14848 | D:9      | Noticed a centaur warrior
 14860 | D:9      | Killed a centaur warrior
 15168 | D:9      | Found a staircase to the Orcish Mines.
 15295 | D:9      | Reached **** piety under Fedhas
 15366 | D:9      | Noticed a deep elf pyromancer
 15378 | D:9      | Killed a deep elf pyromancer
 15422 | D:9      | Reached skill level 16 in Axes
 15656 | D:9      | Reached skill level 5 in Armour
 16158 | D:9      | Identified the +4 quick blade of Disaster {vamp, rElec
                  | rCorr Dex-2 Stlth+}
 16607 | D:10     | Entered Level 10 of the Dungeon
 17699 | D:10     | Reached skill level 17 in Axes
 17993 | D:11     | Noticed a centaur warrior
 18247 | D:11     | Noticed a boulder beetle
 18273 | D:11     | Killed a boulder beetle
 18367 | D:11     | Noticed a two-headed ogre
 18379 | D:11     | Killed a two-headed ogre
 18380 | D:11     | Reached XP level 12. HP: 55/104 MP: 17/17
 19107 | D:11     | Noticed a two-headed ogre
 19116 | D:11     | Killed a two-headed ogre
 19154 | D:11     | Killed a centaur warrior
 19365 | D:11     | Noticed a centaur warrior
 19378 | D:11     | Killed a centaur warrior
 19432 | D:11     | Noticed a six-headed hydra
 19433 | D:11     | Reached ***** piety under Fedhas
 20677 | D:12     | Noticed a boulder beetle
 20958 | D:12     | Noticed Maurice
 20988 | D:12     | Killed Maurice
 21207 | D:12     | Noticed a two-headed ogre
 21424 | D:12     | Killed a two-headed ogre
 21627 | D:12     | Reached skill level 10 in Armour
 23293 | D:11     | Killed a nine-headed hydra
 23294 | D:11     | Reached skill level 1 in Dodging
 23495 | D:11     | Killed a boulder beetle
 24585 | D:12     | Reached skill level 10 in Invocations
 25027 | D:11     | Found a staircase to the Lair.
 25422 | Lair:1   | Entered Level 1 of the Lair of Beasts
 25439 | Lair:1   | Reached skill level 5 in Shields
 25443 | Lair:1   | Noticed Maggie
 25760 | D:11     | Killed Maggie
 25876 | D:11     | Reached XP level 13. HP: 106/111 MP: 19/19
 26468 | Lair:1   | Noticed Gastronok
 26532 | Lair:1   | Killed Gastronok
 27882 | Lair:2   | Reached skill level 5 in Dodging
 29402 | Lair:3   | Found a sacrificial altar of Ru.
 29768 | Lair:3   | Learned a level 2 spell: Blink
 29925 | Lair:3   | Found a staircase to the Snake Pit.
 30175 | Lair:3   | Found a staircase to the Shoals.
 30391 | Lair:4   | Reached skill level 1 in Translocations
 30885 | Lair:4   | Reached XP level 14. HP: 107/118 MP: 21/21
 32741 | Lair:5   | Entered Level 5 of the Lair of Beasts
 33105 | Lair:5   | Noticed kamileon1's ghost (journeyman FoFi)
 33167 | Lair:4   | Reached skill level 5 in Translocations
 33325 | Lair:5   | Found a transporter.
 33325 | Lair:5   | Found a transporter.
 33344 | Lair:5   | Found a runed translucent door.
 33567 | Lair:5   | Paralysed by a hornet for 1 turns
 33605 | Lair:5   | Reached skill level 10 in Shields
 33625 | Lair:5   | Paralysed by a hornet for 3 turns
 33735 | Lair:5   | Paralysed by a hornet for 2 turns
 33740 | Lair:5   | Paralysed by a hornet for 1 turns
 34124 | Lair:5   | Noticed Nessos
 34180 | Lair:5   | Killed Nessos
 34749 | Lair:5   | Reached XP level 15. HP: 124/124 MP: 22/22
 35433 | Lair:5   | Found a staircase to the Slime Pits.
 36229 | D:5      | Noticed mester's ghost (amateur DjFE)
 36458 | Orc:1    | Entered Level 1 of the Orcish Mines
 36458 | Orc:1    | Noticed Jorgrun
 36477 | D:9      | Killed Jorgrun
 37100 | Orc:1    | Noticed an orc warlord
 37182 | Orc:1    | Paralysed by an orc sorcerer for 4 turns
 37211 | Orc:1    | Killed an orc warlord
 37396 | Orc:2    | Entered Level 2 of the Orcish Mines
 38401 | Orc:2    | Found a staircase to the Elven Halls.
 38876 | Orc:2    | Found Laraqedd's Antique Armour Emporium.
 38915 | Orc:2    | Found Xomocham's Jewellery Shoppe.
 39165 | Orc:2    | Noticed Urug
 39188 | Orc:2    | Killed Urug
 39189 | Orc:2    | Reached skill level 10 in Fighting
 39401 | Orc:2    | Noticed an orc warlord
 39413 | Orc:2    | Reached skill level 10 in Dodging
 39422 | Orc:2    | Killed an orc warlord
 39816 | Orc:2    | Found Vyihokka's Book Boutique.
 39939 | Orc:2    | Found Xemaek's Book Shoppe.
 40002 | Orc:2    | Reached ****** piety under Fedhas
 40777 | D:13     | Reached skill level 1 in Stealth
 40967 | D:13     | Noticed Kirke
 41335 | D:13     | Killed Kirke
 41999 | D:14     | Reached skill level 15 in Armour
 42304 | D:14     | Found a gate to the Vaults.
 42720 | D:15     | Entered Level 15 of the Dungeon
 42725 | D:15     | Identified the +2 pair of gloves "Zecso Zups" {rF++ Stlth-}
 42871 | D:15     | Reached XP level 16. HP: 136/136 MP: 14/23
 43355 | D:15     | Found a staircase to the Depths.
 43979 | Snake:1  | Entered Level 1 of the Snake Pit
 44031 | Snake:1  | HP: 2/137 [spore (21)]
 44031 | Snake:1  | Killed from afar by a shock serpent

Illustrated notes

Levels and vault maps discovered:
D:1:      wander_arrival_chamber, layout_loops_cross,
          hellmonk_ecumenical_altar_arch_garden
D:2:      layout_loops_ring, hangedman_decor_clover_reticule,
          minmay_misc_feat_four_crosses, uniq_robin
D:3:      layout_basic, nzn_hepliaklqana_mist_gate, pf_just_have_faith,
          nicolae_overflow_hallway_of_the_gods, st_stairs_1,
          minmay_misc_feat_more_columns, minmay_box_of_dots, uniq_sigmund
D:4:      layout_rooms, lemuel_doored_altar, serial_shops,
          nicolae_shop_behind_doors, uniq_natasha
D:5:      layout_layer_cave, gammafunk_ghost_gnarly_gnolls
D:6:      layout_loops_ring, jmf_multi_god_temple, minmay_temple_entry_wispy,
          gammafunk_ghost_grave
D:7:      layout_cave_pods, nicolae_overflow_hidden_temple,
          nicolae_ossuary_entry_giza
D:8:      layout_layer_cave, nicolae_shop_vocational, uniq_psyche
D:9:      nzn_winding_woodlands_three_and_one
          [nzn_winding_woodlands_5x15_sidewinder,
          nzn_winding_woodlands_5x15_parted,
          nzn_winding_woodlands_5x15_river_crossing,
          nzn_winding_woodlands_center_triple_pond], layout_small_grid,
          orc_0_dummy
D:10:     layout_stronghold
D:11:     layout_loops_cross, erik_lair_island
D:12:     layout_basic, portal_ice_cave_entry_pillars_1, uniq_maurice
D:13:     layout_loops_ring, chequers_big_river, serial_bayou_lagoon_a,
          uniq_kirke
D:14:     layout_stronghold, david_vaults_5, chequers_jeans
D:15:     grunt_enter_depths_hoard, layout_long_grid,
          chequers_serial_rivers_micro_b, minmay_lindwurm_lava
Lair:1:   layout_gridlike, grunt_megastairs_2, serial_bayou_shore_b,
          lemuel_fruit_tree, uniq_gastronok, uniq_maggie
Lair:2:   layout_hall_layers, beast_lair_carwin_4
Lair:3:   layout_cave_pods, minmay_shoals_entry_hut,
          minmay_snake_entry_spellcaster, basic_altar, infiniplex_staircase_pool
Lair:4:   lemuel_reptile_caves, layout_regular_city, lemuel_fruit_fields,
          infiniplex_staircase_pool_2, serial_bayou_shore_a
Lair:5:   hangedman_lair_caniforms_friends, layout_cave_pods, wormcave,
          dpeg_slime_entry_corner, gammafunk_ghost_hive, uniq_nessos
Snake:1:  gammafunk_its_a_trap, layout_layer_cave, uniq_josephine
Orc:1:    layout_caves, uniq_jorgrun
Orc:2:    pubby_orc_utopia, uniq_urug

Skill      XL: |  1  2  3  4  5  6  7  8  9 10 11 12 13 14 15 16 |
---------------+-------------------------------------------------+-----
Axes           | 3 4 5 7 9 11 12 13 15 17 | 17.9
Fighting       | 7 9 10 11 | 11.0
Maces & Flails | 4 |  4.5
Invocations    | 3 7 8 10 11 | 11.2
Armour         | 8 10 12 13 15 | 15.2
Dodging        | 3 6 8 10 | 10.8
Shields        | 5 8 10 12 | 12.8
Translocations | 2 6 |  6.8
Stealth        | 3 |  3.7

Action                   |  1- 3 |  4- 6 |  7- 9 | 10-12 | 13-15 | 16-18 || total
-------------------------+-------+-------+-------+-------+-------+-------++-------
Melee: War axe           |    97 |    83 |       |    32 |  1259 |    99 ||  1570
       Headbutt          |    10 |    18 |    52 |   128 |   338 |    16 ||   562
       Halberd           |       |     1 |    84 |       |       |       ||    85
       Glaive            |       |       |    64 |       |       |       ||    64
       Flail             |       |       |    70 |       |       |       ||    70
       Battleaxe         |       |       |    25 |   469 |       |       ||   494
 Fire: Arbalest          |       |       |     8 |       |       |       ||     8
Throw: Dart              |       |     6 |     9 |    29 |    11 |       ||    55
Invok: Wall of Briars    |       |       |     1 |     4 |    11 |       ||    16
       Grow Ballistomyce |       |       |       |     7 |    15 |     1 ||    23
       Overgrow          |       |       |       |       |     2 |       ||     2
       Grow Oklob        |       |       |       |       |     1 |       ||     1
  Use: Scroll            |     6 |     4 |     4 |    13 |     6 |       ||    33
       Potion            |       |       |     4 |     5 |     4 |       ||    13
 Stab: Confused          |       |       |       |       |     4 |       ||     4
       Petrifying        |       |       |       |       |     1 |       ||     1
Armor: Scale mail        |    31 |    18 |    73 |       |       |       ||   122
       Chain mail        |       |       |     5 |   205 |   314 |       ||   524
       Plate armour      |       |       |       |       |   117 |    24 ||   141
Dodge: Dodged            |    52 |    49 |   136 |   261 |   458 |    19 ||   975
Block: Buckler           |    22 |    12 |    19 |     3 |   256 |       ||   312
       Tower shield      |       |       |       |       |   121 |    73 ||   194
